 Dungeon Crawl Stone Soup version 0.19.5 (webtiles) character file.

129 Kisielow the Slasher (level 4, -7/40 HPs)
             Began as a Minotaur Fighter on May 23, 2017.
             Killed by divine providence
             ... invoked by an orc priest
              (11 damage)
             ... on level 3 of the Dungeon.
             The game lasted 00:02:16 (1366 turns).

Kisielow the Slasher (Minotaur Fighter)             Turns: 1366, Time: 00:02:16

Health: -7/40      AC:  9    Str: 21    XL:     4   Next: 88%
Magic:  3/3        EV:  7    Int:  5    God:
Gold:   153        SH:  9    Dex: 10    Spells: 0 memorised, 3 levels left

rFire  x . .     SeeInvis .     a - +0 long sword
rCold  + . .     Gourm    .     b - +0 scale mail
rNeg   . . .     Faith    .     c - +0 shield
rPois  .         Spirit   .     (helmet restricted)
rElec  .         Reflect  .     (no cloak)
rCorr  .         Harm     .     (no gloves)
MR     .....                    j - +1 pair of boots
Stlth  ..........               (no amulet)
                                (no ring)
                                n - ring of ice

@: slowed, very slow
A: retaliatory headbutt, horns 2
a: no special abilities


You were on level 3 of the Dungeon.
You were hungry.

You visited 1 branch of the dungeon, and saw 3 of its levels.

You collected 153 gold pieces.

Inventory:

Hand Weapons
 a - a +0 long sword (weapon)
Armour
 b - a +0 scale mail (worn)
 c - a +0 shield (worn)
 j - a +1 pair of boots (worn)
Jewellery
 n - a ring of ice (left hand)
 o - an uncursed ring of protection from fire {unknown}
Scrolls
 h - a scroll of blinking {unknown}
 i - 3 scrolls of remove curse {unknown}
 l - a scroll of magic mapping {unknown}
 q - a scroll of recharging {unknown}
Potions
 d - 2 potions of might
 e - 3 potions of brilliance {unknown}
 k - 2 potions of curing {unknown}
 p - a potion of degeneration {unknown}
Comestibles
 f - 4 bread rations
 g - 3 chunks of flesh
 m - 9 fruits


   Skills:
 + Level 3.8 Fighting
 * Level 5.8 Long Blades
 + Level 3.8 Armour
 + Level 3.8 Shields


You had 3 spell levels left.
You didn't know any spells.

Dungeon Overview and Level Annotations

Branches:
Dungeon (3/15)

Altars:
Kikubaaqudgha


Innate Abilities, Weirdness & Mutations

You reflexively headbutt those who attack you in melee.
You have a pair of horns on your head.


Message History

The orc wizard hits you with a dagger. The kobold hits you but does no damage.
The orc hits you but does no damage. x2; The orc priest hits you with a whip.
* * * LOW HITPOINT WARNING * * *
You hit the orc priest.
The orc priest is severely wounded.
You block the kobold's attack. You block the orc's attack.
The orc wizard hits you but does no damage.
The orc barely misses you. The orc priest hits you with a whip.
* * * LOW HITPOINT WARNING * * *
The orc hits you with a mace.
* * * LOW HITPOINT WARNING * * *
The orc wizard barely misses you. You furiously retaliate!
You headbutt the orc wizard, but do no damage.
The kobold hits you with a short sword.
* * * LOW HITPOINT WARNING * * *
The orc hits you but does no damage. The orc hits you.
* * * LOW HITPOINT WARNING * * *
The orc priest mumbles some strange prayers to Beogh against you.
Beogh smites you!
You die...

#..#.............
#.(##.............
#####..###........##
#........##...##....
#........##.#...w.#
#.................#
#........#........##
####....##.o.K......
#....###.o@......#
....### #.ooo##.###
#...# .....r.# #
#... .........# ####
.........#
.........#
.........#
.........#


You could see an orc priest, an orc wizard, a dart slug, 3 orcs, a kobold and a
rat.

Vanquished Creatures
  2 vampire bats (D:2)
  2 adders
  2 ball pythons (D:1)
  2 bat skeletons (D:2)
  3 bat zombies (D:2)
  4 goblins
  7 hobgoblins
  6 bats
  4 frilled lizards
  2 kobolds (D:1)
  A rat (D:1)
35 creatures vanquished.

Notes
Turn   | Place    | Note
-------+----------+-------------------------------------------
     0 | D:1      | Kisielow the Minotaur Fighter began the quest for the Orb.
     0 | D:1      | Reached XP level 1. HP: 19/19 MP: 0/0
    56 | D:1      | Reached skill level 3 in Long Blades
   160 | D:1      | Reached XP level 2. HP: 26/26 MP: 1/1
   480 | D:1      | Reached skill level 4 in Long Blades
   976 | D:2      | Reached XP level 3. HP: 31/31 MP: 2/2
  1246 | D:2      | Found an ancient bone altar of Kikubaaqudgha.
  1251 | D:2      | Reached skill level 5 in Long Blades
  1251 | D:2      | Reached XP level 4. HP: 39/39 MP: 3/3
  1366 | D:3      | Killed from afar by an orc priest

Skill      XL: |  1  2  3 |
---------------+----------+-----
Long Blades    | 3 4 5 |  5.8
Fighting       | |  3.8
Armour         | |  3.8
Shields        | |  3.8

Action                   |  1- 3 |  4- 6 || total
-------------------------+-------+-------++-------
Melee: Long sword        |    63 |    17 ||    80
       Headbutt          |    13 |     2 ||    15
  Eat: Chunk             |     1 |       ||     1
Armor: Scale mail        |    33 |    21 ||    54
Dodge: Dodged            |    21 |     8 ||    29
Block: Shield            |    38 |    17 ||    55
       Rpst.: Long sword |     9 |     2 ||    11
